 Dungeon Crawl Stone Soup version 0.20-a0-267-g4a7ec2a (webtiles) character file.

6949 PurpleRed the Thaumaturge (level 10, -5/63 HPs)
             Began as a Mummy Fire Elementalist on Dec 6, 2016.
             Was a Follower of Vehumet.
             Killed from afar by a battlesphere (13 damage)
             ... created by SaltCity's ghost
             ... on level 1 of the Lair of Beasts.
             The game lasted 00:36:05 (13779 turns).

PurpleRed the Thaumaturge (MuFE)                   Turns: 13779, Time: 00:36:05

Health: -5/63      AC: 11    Str: 11    XL:     10   Next: 80%
Magic:  0/23       EV: 12    Int: 18    God:    Vehumet [*.....]
Gold:   481        SH:  6    Dex: 13    Spells: 12/27 levels left

rFire  x . .     SeeInvis .     c - +3 dagger (elec)
rCold  + . .     Gourm    .     z - +2 robe {rN+}
rNeg   + + +     Faith    .     (no shield)
rPois  ∞         Spirit   .     (no helmet)
rElec  .         Reflect  +     i - +2 cloak
rCorr  .         Harm     .     n - +2 pair of gloves
MR     +....                    t - +0 pair of boots
Stlth  ++........               q - +6 amulet of reflection
                                (no ring)
                                (no ring)

@: no status effects
A: no food or potions, fire vulnerability, cold resistance 1, negative energy
resistance 3, torment resistance, unbreathing
a: Renounce Religion


You were on level 1 of the Lair of Beasts.
You worshipped Vehumet.
Vehumet was aware of your devotion.
You were not hungry.

You visited 3 branches of the dungeon, and saw 13 of its levels.

You collected 481 gold pieces.

Inventory:

Hand Weapons
 c - a +3 dagger of electrocution (weapon)
 m - a +0 dagger of flaming
Missiles
 e - 3 tomahawks of dispersal (quivered)
Armour
 a - a +0 troll leather armour
 i - a +2 cloak (worn)
 n - a +2 pair of gloves (worn)
 o - a +2 leather armour of cold resistance
 t - a +0 pair of boots (worn)
 z - a +2 robe of positive energy (worn)
Jewellery
 j - an uncursed amulet of magic regeneration
 q - a +6 amulet of reflection (around neck)
 A - an uncursed ring of ice
Wands
 f - a wand of disintegration (18/24)
 v - a wand of flame (16/48)
Scrolls
 d - 5 scrolls of identify
 g - a scroll of amnesia
 h - 2 scrolls of magic mapping
 l - 2 scrolls of fog
 r - 2 scrolls of remove curse
 s - a scroll of immolation
 u - 2 scrolls of fear
 y - a scroll of blinking
 B - a scroll of noise
Books
 b - a book of Flames

   Spells                             Type                      Level
   a - Flame Tongue                   Conjuration/Fire             1
   b - Throw Flame                    Conjuration/Fire             2
   c - Conjure Flame                  Conjuration/Fire             3
   d - Inner Flame                    Hexes/Fire                   3
   e - Sticky Flame                   Conjuration/Fire             4
   f - Fireball                       Conjuration/Fire             5
 k - a book of Maledictions

   Spells                             Type                      Level
   a - Corona                         Hexes                        1
   b - Ensorcelled Hibernation        Hexes/Ice                    2
   c - Confuse                        Hexes                        3
   d - Tukima's Dance                 Hexes                        3
   e - Dazzling Spray                 Conjuration/Hexes            3
 p - a book of Death

   Spells                             Type                      Level
   a - Corpse Rot                     Necromancy                   2
   b - Sublimation of Blood           Necromancy                   2
   c - Agony                          Necromancy                   5
   d - Dispel Undead                  Necromancy                   5
   e - Excruciating Wounds            Charms/Necromancy            5
   f - Bolt of Draining               Conjuration/Necromancy       5
 w - a book of Cantrips

   Spells                             Type                      Level
   a - Confusing Touch                Hexes                        1
   b - Animate Skeleton               Necromancy                   1
   c - Summon Small Mammal            Summoning                    1
   d - Apportation                    Translocation                1
 x - a book of Minor Magic

   Spells                             Type                      Level
   a - Magic Dart                     Conjuration                  1
   b - Blink                          Translocation                2
   c - Call Imp                       Summoning                    2
   d - Repel Missiles                 Charms/Air                   2
   e - Slow                           Hexes                        2
   f - Conjure Flame                  Conjuration/Fire             3
   g - Mephitic Cloud                 Conjuration/Poison/Air       3


   Skills:
 - Level 1.5 Dodging
 - Level 1.5 Stealth
 + Level 9.2 Spellcasting
 + Level 8.4 Conjurations
 + Level 8.1 Fire Magic


You had 12 spell levels left.
You knew the following spells:

 Your Spells              Type           Power        Failure   Level  Hunger
a - Flame Tongue          Conj/Fire      #####        1%          1    N/A
b - Throw Flame           Conj/Fire      #####.       1%          2    N/A
c - Conjure Flame         Conj/Fire      #####...     1%          3    N/A
d - Sticky Flame          Conj/Fire      #####...     2%          4    N/A
e - Fireball              Conj/Fire      #####.....   10%         5    N/A

Dungeon Overview and Level Annotations

Branches:
Dungeon (11/15)            Temple (1/1) D:7            Lair (1/6) D:9
    Orc (0/2) D:9

Altars:
Ashenzari
Cheibriados
Dithmenos
Elyvilon
Fedhas
Gozag
Hepliaklqana
Kikubaaqudgha
Makhleb
Nemelex Xobeh
Okawaru
Qazlal
Ru
Sif Muna
Trog
Uskayaw
Vehumet
Xom
Yredelemnul
Zin
The Shining One

Portals:
Trove: D:11 (show abyssal rune of Zot)

Annotations:
D:10 Harold
Lair:1 SaltCity's ghost, journeyman DECj


Innate Abilities, Weirdness & Mutations

You do not eat or drink.
Your flesh is vulnerable to fire.
You are immune to poison.
Your flesh is cold resistant. (rC+)
You are immune to negative energy. (rN+++)
You are immune to unholy pain and torment.
You can survive without breathing.


Message History

Confirm with . or Enter, or press ? or * to list all spells.
Aiming: Flame Tongue
Press: ? - help, Shift-Dir - straight line, f/p - SaltCity's ghost
Aim: SaltCity's ghost, wielding a weapon of venom (almost destroyed)
The flame tongue hits SaltCity's ghost.
SaltCity's ghost is almost destroyed.
SaltCity's ghost gestures wildly while chanting.
SaltCity's ghost conjures a globe of magical energy!
A battlesphere comes into view.
Casting: Flame Tongue
Confirm with . or Enter, or press ? or * to list all spells.
Aiming: Flame Tongue
Press: ? - help, Shift-Dir - straight line, f/p - SaltCity's ghost
Aim: SaltCity's ghost, wielding a weapon of venom (almost destroyed)
The flame tongue misses SaltCity's ghost.
SaltCity's ghost points at you and mumbles some strange words.
The bolt of magma hits you! The lava burns you terribly!
* * * LOW HITPOINT WARNING * * *
The battlesphere fires!
The barrage of energy hits you!
You die...

####.....>...
.#.......†.# ####
###....# r..#
##..###.....# !..#
###..........## #...#
#..##.........###....#
###..#####...*........#
##..### ##..W..##.$.##
##....# #.@#.#######
#...### ##...## #...#
#...## ##..## #..##
##..### ##(..#####
#....####........#
#..............#..
##..####......###
##..## #....(..##


You could see a battlesphere and SaltCity's ghost.

Vanquished Creatures
  A cyclops (D:11)
  Joseph (D:10)
  A black mamba (Lair:1)
  Psyche (D:11)
  A gargoyle (D:11)
  2 trolls
  A slime creature (D:11)
  A hippogriff (D:11)
  3 yaks (D:11)
  3 wyverns
  A hungry ghost (D:8)
  A water moccasin (D:6)
  A porcupine (Lair:1)
  3 orc warriors
  An eye of draining (D:8)
  A sky beast (D:9)
  An ice beast (D:5)
  2 phantoms
  4 ogres
  A necrophage (D:10)
  3 centaurs
  3 bullfrogs
  A big kobold (D:7)
  2 scorpions
  A killer bee (D:10)
  An electric eel (D:8)
  4 wights (D:8)
  2 crimson imps
  A bullfrog zombie (D:7)
  A centaur zombie (D:11)
  A quasit (D:11)
  4 jellies
  4 hounds
  7 orc priests
  3 bullfrog skeletons
  2 centaur skeletons
  8 orc wizards
  An iguana (D:4)
  4 worker ants
  2 worker ant zombies
  6 adders
  2 shadow imps
  2 oozes (D:3)
  An adder skeleton (D:9)
  A worm (D:2)
  3 dart slugs
  5 leopard geckos
  32 orcs
  8 bats
  5 giant cockroaches
  5 goblins
  4 hobgoblins
  4 jackals (D:10)
  4 quokkas
  A ball python (D:1)
  4 frilled lizards
  12 kobolds
  2 quokka zombies
  5 rats
192 creatures vanquished.

Vanquished Creatures (others)
  A porcupine (Lair:1)
1 creature vanquished.

Grand Total: 193 creatures vanquished

Notes
Turn   | Place    | Note
-------+----------+-------------------------------------------
     0 | D:1      | PurpleRed the Mummy Fire Elementalist began the quest for the Orb.
     0 | D:1      | Reached XP level 1. HP: 13/13 MP: 3/3
    21 | D:1      | Reached skill level 1 in Conjurations
   275 | D:1      | Reached XP level 2. HP: 5/19 MP: 0/5
  1532 | D:2      | Reached XP level 3. HP: 24/24 MP: 2/6
  1585 | D:2      | Learned a level 2 spell: Throw Flame
  1589 | D:2      | Learned a level 3 spell: Conjure Flame
  2208 | D:3      | Noticed a phantom
  2209 | D:3      | Reached XP level 4. HP: 30/30 MP: 6/8
  2449 | D:3      | Reached skill level 3 in Spellcasting
  3515 | D:3      | Killed a phantom
  3515 | D:3      | Reached XP level 5. HP: 14/35 MP: 0/10
  4020 | D:3      | Learned a level 4 spell: Sticky Flame
  4032 | D:3      | Reached XP level 6. HP: 41/41 MP: 7/11
  4069 | D:4      | Reached skill level 4 in Spellcasting
  5158 | D:4      | Reached XP level 7. HP: 10/46 MP: 0/13
  5621 | D:5      | Entered Level 5 of the Dungeon
  6131 | D:5      | Reached skill level 5 in Spellcasting
  6310 | D:6      | Learned a level 5 spell: Fireball
  6822 | D:6      | Found a sparkling altar of Nemelex Xobeh.
  6865 | D:6      | Noticed a wyvern
  6874 | D:6      | Killed a wyvern
  6874 | D:6      | Reached XP level 8. HP: 52/52 MP: 6/16
  7030 | D:6      | Reached skill level 5 in Conjurations
  7084 | D:6      | Reached skill level 5 in Fire Magic
  7253 | D:6      | Reached skill level 6 in Spellcasting
  7947 | D:7      | Found a staircase to the Ecumenical Temple.
  7964 | Temple   | Entered the Ecumenical Temple
  8957 | D:8      | Reached XP level 9. HP: 56/57 MP: 11/19
  9091 | D:8      | Found a basalt altar of Yredelemnul.
  9096 | D:8      | Found a radiant altar of Vehumet.
  9096 | D:8      | Found a shimmering altar of Xom.
  9099 | D:8      | Found a white marble altar of Elyvilon.
  9100 | D:8      | Found an iron altar of Okawaru.
  9101 | D:8      | Found a glowing golden altar of the Shining One.
  9104 | D:8      | Became a worshipper of Vehumet
  9254 | D:8      | Reached skill level 7 in Spellcasting
 10018 | D:9      | Found a staircase to the Orcish Mines.
 10504 | D:9      | Found a staircase to the Lair.
 10723 | D:10     | Entered Level 10 of the Dungeon
 10742 | D:10     | Noticed Joseph
 11608 | D:10     | Killed Joseph
 11755 | D:10     | Noticed a troll
 11790 | D:10     | Killed a troll
 11928 | D:9      | Reached skill level 8 in Spellcasting
 12152 | D:10     | Reached * piety under Vehumet
 12152 | D:10     | Offered knowledge of Freeze by Vehumet.
 12152 | D:10     | Reached XP level 10. HP: 63/63 MP: 17/22
 12176 | D:10     | Noticed Harold
 12231 | D:11     | Noticed Psyche
 12246 | D:11     | Noticed a gargoyle
 12308 | D:11     | Killed Psyche
 12432 | D:11     | Killed a gargoyle
 12833 | D:11     | Noticed a cyclops
 12842 | D:11     | Killed a cyclops
 12912 | D:11     | Found a portal to a secret trove of treasure.
 13142 | D:11     | Noticed a fire giant
 13142 | D:11     | Noticed a phantasmal warrior
 13188 | D:11     | Reached skill level 9 in Spellcasting
 13229 | D:11     | Noticed a cyan ugly thing
 13379 | Lair:1   | Entered Level 1 of the Lair of Beasts
 13447 | Lair:1   | Noticed a black mamba
 13447 | Lair:1   | Noticed SaltCity's ghost (journeyman DECj)
 13457 | Lair:1   | Killed a black mamba
 13457 | Lair:1   | HP: 1/63 [SaltCity's ghost/orb of energy (16)]
 13779 | Lair:1   | Killed from afar by a battlesphere

Vault maps used:
D:1:      dpeg_arrival_another_circle, minmay_misc_feat_diagonals,
          minmay_misc_feat_cross
D:5:      first_bread
D:6:      nemelex_altar_shiori
D:8:      minitemple, kennysheep_small_spiral
D:9:      dpeg_oklobed_lair, orc_0_dummy
D:10:     uniq_harold, uniq_joseph
D:11:     minmay_glassy_protrusions, enter_trove_3, uniq_psyche
Temple:   dpeg_chambers_temple

Skill      XL: |  1  2  3  4  5  6  7  8  9 10 |
---------------+-------------------------------+-----
Conjurations   | 1 2 3 4 6 7 8 |  8.4
Spellcasting   | 3 4 5 6 8 9 |  9.2
Fire Magic     | 3 4 5 7 8 |  8.1
Dodging        | |  1.5
Stealth        | |  1.5

Action                   |  1- 3 |  4- 6 |  7- 9 | 10-12 || total
-------------------------+-------+-------+-------+-------++-------
Melee: Unarmed           |     3 |       |       |       ||     3
       Dagger            |       |    24 |   144 |    11 ||   179
 Cast: Flame Tongue      |    60 |   141 |   105 |    30 ||   336
       Conjure Flame     |       |     2 |     7 |     3 ||    12
       Sticky Flame      |       |       |    47 |    20 ||    67
       Throw Flame       |       |       |     1 |     2 ||     3
       Fireball          |       |       |     9 |    12 ||    21
  Use: Scroll            |     3 |     3 |     9 |     1 ||    16
 Stab: Sleeping          |       |     1 |     2 |       ||     3
Armor: Robe              |    21 |    38 |    89 |    20 ||   168
Dodge: Dodged            |    31 |    76 |   104 |    22 ||   233
Block: Other             |       |       |    37 |    15 ||    52
       Reflection        |       |       |     5 |     2 ||     7
